 Dungeon Crawl Stone Soup version 0.18-a0-1390-gc02854d (webtiles) character file.

112 gorblad the Skirmisher (level 4, -6/41 HPs)
             Began as a Centaur Gladiator on Feb 22, 2016.
             Mangled by Sigmund
             ... wielding a +3 scythe of protection
              (11 damage)
             ... on level 2 of the Dungeon.
             The game lasted 00:04:06 (2471 turns).

gorblad the Skirmisher (Centaur Gladiator)          Turns: 2471, Time: 00:04:06

Health: -6/41      AC:  6    Str: 15 (18) XL:     4   Next: 63%
Magic:  4/4        EV:  9    Int:  9 (11) God:
Gold:   61         SH:  0    Dex:  9 (10) Spells: 0 memorised, 3 levels left

rFire  + . .     SeeInvis .     a - +0 war axe
rCold  . . .     Gourm    .     b - +0 leather armour
rNeg   . . .     Faith    .     (no shield)
rPois  .         Spirit   .     c - +1 helmet
rElec  .         Dismiss  .     (no cloak)
rCorr  .         Reflect  .     (no gloves)
SustAt .         Harm     .     (no barding)
MR     .....                    (no amulet)
Stlth  ..........               l - ring of protection from fire
                                i - +2 ring of intelligence

@: confused, very quick, not resistant to hostile enchantments, extremely
unstealthy
A: hooves 3, clever 1, deformed body, speed 2, tough skin 3
a: no special abilities


You were on level 2 of the Dungeon.
You were hungry.

You visited 1 branch of the dungeon, and saw 2 of its levels.

You collected 61 gold pieces.

Inventory:

Hand Weapons
 a - a +0 war axe (weapon)
Missiles
 d - 3 throwing nets (quivered)
Armour
 b - a +0 leather armour (worn)
 c - a +1 helmet (worn)
 n - a +0 helmet
Jewellery
 i - a +2 ring of intelligence (left hand)
 l - a ring of protection from fire (right hand)
Scrolls
 o - a scroll of random uselessness {unknown}
Comestibles
 f - a bread ration
 g - a royal jelly
 h - a meat ration
 k - a beef jerky


   Skills:
 * Level 4.9 Fighting
 - Level 2.6 Axes
 - Level 2.1 Throwing
 - Level 2.1 Dodging


You had 3 spell levels left.
You didn't know any spells.

Dungeon Overview and Level Annotations

Branches:
Dungeon (2/15)

Altars:
Qazlal

Annotations:
D:2 Sigmund


Innate Abilities, Weirdness & Mutations

You have hooves in place of feet.
Armour fits poorly on your strangely shaped body.
You cover ground very quickly.
You have extremely tough skin (AC +3).
Your mind is acute. (Int +2)


Message History

You closely miss Sigmund. Your kick misses Sigmund.
Sigmund is heavily wounded.
Sigmund completely misses you.
You hit Sigmund.
Sigmund is severely wounded.
Sigmund barely misses you.
You closely miss Sigmund. Your kick misses Sigmund.
Sigmund is severely wounded.
Sigmund closely misses you.
You hit Sigmund. You kick Sigmund, but do no damage.
Sigmund is severely wounded.
You barely miss Sigmund.
Sigmund is severely wounded.
Sigmund gestures at you while chanting.
You are confused.
Sigmund hits you but does no damage.
You hit Sigmund. Your kick misses Sigmund.
Sigmund is almost dead.
Sigmund hits you with a scythe of protection!
You die...

#..## ##.......##
#>## ##.....## #.#
##...## #.# ##'##
#.# #.# #.# #.#
#.# ##.##
#.#########...##
#@.............#
#.@#.....#....####
#..# .............
#... ....#.#######
##.#.....#.
.#######. .. ##


You could see Sigmund.

Vanquished Creatures
  Robin (D:2)
  3 adders (D:2)
  2 worms (D:2)
  3 dart slugs
  2 giant geckos
  3 bats (D:2)
  2 giant cockroaches (D:2)
  16 goblins
  10 hobgoblins
  2 jackals (D:2)
  2 quokkas (D:2)
  A ball python (D:1)
  5 giant newts
  A kobold (D:2)
  4 rats
57 creatures vanquished.

Notes
Turn   | Place    | Note
--------------------------------------------------------------
     0 | D:1      | gorblad the Centaur Gladiator began the quest for the Orb.
     0 | D:1      | Reached XP level 1. HP: 17/17 MP: 1/1
   189 | D:1      | Reached XP level 2. HP: 20/25 MP: 2/2
   281 | D:1      | Reached skill level 3 in Fighting
   471 | D:1      | You fall through a shaft!
   471 | D:2      | Found a faded altar to an unknown god.
   481 | D:2      | Reached XP level 3. HP: 13/31 MP: 3/3
  1102 | D:2      | Reached skill level 4 in Fighting
  1225 | D:2      | Noticed Robin
  1229 | D:2      | Reached XP level 4. HP: 24/40 MP: 4/4
  1243 | D:2      | Gained mutation: Your mind is acute. (Int +2) [potion of beneficial mutation]
  1260 | D:2      | Killed Robin
  1669 | D:2      | Found a stormy altar of Qazlal.
  1671 | D:2      | Noticed an earth elemental
  1672 | D:2      | Noticed an air elemental
  1672 | D:2      | Noticed a fire elemental
  1672 | D:2      | Noticed a water elemental
  1793 | D:2      | Noticed Sigmund
  1817 | D:2      | HP: 2/41 [something (9)]
  2471 | D:2      | Mangled by Sigmund

Vault maps used:
D:1:      dpeg_arrival_refuge, minmay_misc_feat_square
D:2:      ecumenical_altar_1, nicolae_qazlal_style_of_elements, uniq_sigmund,
          uniq_robin

Skill      XL: |  1  2  3 |
---------------+----------+-----
Fighting       | 3 4 |  4.9
Axes           | |  2.6
Throwing       | |  2.1
Dodging        | |  2.1

Action                   |  1- 3 |  4- 6 || total
-------------------------+-------+-------++-------
Melee: War axe           |   105 |    95 ||   200
  Use: Potion            |       |     7 ||     7
       Scroll            |       |     2 ||     2
  Eat: Chunk             |     1 |     1 ||     2
       Beef jerky        |       |     1 ||     1
